 Dungeon Crawl Stone Soup version 0.31-a0-149-g3fdcc5976a (webtiles) character file.

Game seed: 6060254750719868475

4209 qw the Skirmisher (level 10, 0/90 HPs)
             Began as a Minotaur Hunter on June 7, 2023.
             Was a Believer of Okawaru.
             Slain by a death yak (8 damage)
             ... on level 8 of the Dungeon.
             The game lasted 00:03:40 (7908 turns).

qw the Skirmisher (Minotaur Hunter)                 Turns: 7908, Time: 00:03:41

Health: 0/90       AC: 12    Str: 17    XL:     10   Next: 8%
Magic:  11/12      EV: 16    Int:  6    God:    Okawaru [**....]
Gold:   362        SH:  0    Dex: 17    Spells: 9/9 levels left

rFire   . . .        Y - +1 shortbow
rCold   + . .        (shield currently unavailable)
rNeg    + . .        o - +2 ring mail {rN+}
rPois   .            (helmet restricted)
rElec   .            m - +0 cloak
rCorr   .            (no gloves)
SInv    .            k - +0 pair of boots
Will    .....        (no amulet)
Stlth   +++          a - ring of protection from cold
HPRegen 0.35/turn    (no ring)
MPRegen 0.13/turn

%: no passive effects
@: about to teleport, heroic
A: horns 2, retaliatory headbutt
a: Renounce Religion, Heroism


You were on level 8 of the Dungeon.
You worshipped Okawaru.
Okawaru was pleased with you.
You visited 2 branches of the dungeon, and saw 9 of its levels.

You collected 392 gold pieces.
You spent 30 gold pieces at shops.


Innate Abilities, Weirdness & Mutations

You have a pair of horns on your head.
You reflexively headbutt those who attack you in melee.


   Skills:
 - Level 8.5(13.5) Fighting
 + Level 12.0(17.0) Ranged Weapons
 - Level 5.7(10.7) Armour
 - Level 5.2(10.2) Dodging
 - Level 0.7(5.7) Stealth
 - Level 4.2 Invocations


You had 9 spell levels left.
You didn't know any spells.
Your spell library was empty.

Inventory:

Hand Weapons
 Y - a +1 shortbow (weapon)
Armour
 k - a +0 pair of boots (worn)
 m - a +0 cloak (worn)
 o - a +2 ring mail of positive energy (worn)
Jewellery
 a - a ring of protection from cold (left hand)
 b - a ring of fire
Scrolls
 c - a scroll of identify
Potions
 d - 5 potions of curing
 e - a potion of mutation
 f - a potion of invisibility {unknown}
 i - 2 potions of might

Dungeon Overview and Level Annotations

Branches:
Dungeon (8/15)             Temple (1/1) D:5            Lair (0/5) D:8

Altars:
Ashenzari
Cheibriados
Dithmenos
Fedhas
Gozag
Hepliaklqana
Kikubaaqudgha
Makhleb
Nemelex Xobeh
Okawaru
Qazlal
Ru
Sif Muna
Trog
Uskayaw
Vehumet
Wu Jian
Xom
Yredelemnul
Zin
The Shining One

Shops:
D:1 (   D:4 (   D:5 *   D:6 ?

Annotations:
D:5 4 runed translucent doors, Crazy Yiuf; qw's ghost, novice GrFi; qw's ghost, novice MiHu


Message History

You shoot an arrow. The orc wizard shouts!
The arrow hits the death yak.
The death yak is lightly wounded.
The death yak gores you.
You shoot an arrow.
The arrow hits the death yak but does no damage.
The death yak is lightly wounded.
The death yak gores you!!
You shoot an arrow.
The arrow hits the death yak but does no damage.
The death yak is lightly wounded.
An orc comes into view. It is wielding a +0 dagger.
The death yak gores you.
You shoot an arrow.
The arrow hits the death yak but does no damage.
The death yak is lightly wounded.
You shoot an arrow.
The arrow completely misses the death yak.
The death yak gores you!
You shoot an arrow. The arrow barely misses the death yak.
The arrow closely misses the orc.
The death yak gores you.
You shoot an arrow. The arrow hits the death yak!
The death yak is lightly wounded.
The death yak gores you but does no damage.
You shoot an arrow. The arrow barely misses the death yak.
The arrow closely misses the orc.
You shoot an arrow. The arrow hits the death yak!
The death yak is moderately wounded.
The death yak gores you!
The death yak gores you but does no damage.
You shoot an arrow. The arrow hits the death yak.
The death yak is moderately wounded.
The death yak gores you!! The death yak gores you!
7908 ||| READING scroll of teleportation.
As you read the scroll of teleportation, it crumbles to dust.
You feel strangely unstable. The death yak gores you!
You die...

#####...###
#...#
##...####
##..#
...### #..#
.### ##.##
## #).#
#([# ##[##
#..# #@.#
#...ooY#Y#
......o...#
..........#
..........#
......###..
.....# ..#
>.... #.#


You could see 2 death yaks, an orc wizard and 2 orcs.

Vanquished Creatures
  Erica (D:8)
  Maurice (D:8)
  A hornet (D:8)
  Grinder (D:5)
  Edmund (D:5)
  A water moccasin (D:7)
  Pargi (D:4)
  2 orc warriors
  2 ice beasts (D:6)
  A black bear (D:6)
  2 centaurs (D:8)
  3 ogres
  3 bullfrogs (D:6)
  A gnoll sergeant (D:7)
  3 scorpions
  4 wights (D:7)
  5 killer bees (D:8)
  A howler monkey (D:8)
  A lava snake (D:7)
  4 hounds
  5 orc priests
  A sleepcap (D:5)
  Ijyb (D:5)
  4 iguanas
  An orc wizard (D:6)
  A hell rat (D:8)
  13 gnolls
  7 adders
  A white imp (D:6)
  2 ufetubi
  2 worms (D:4)
  A dart slug (D:5)
  15 orcs
  10 endoplasms
  7 giant cockroaches
  5 goblins
  6 hobgoblins
  4 kobolds
  11 quokkas
  7 ball pythons
  5 bats
  6 frilled lizards
  7 rats
161 creatures vanquished.

Notes
Turn   | Place    | Note
-------+----------+-------------------------------------------
     0 | D:1      | qw the Minotaur Hunter began the quest for the Orb.
     0 | D:1      | Reached XP level 1. HP: 18/18 MP: 0/0
     0 | D:1      | 0 ||| qw: Version: 0.2-a-117-gc6b5c8b
     0 | D:1      | 0 ||| qw: Game counter: 2656
     0 | D:1      | 0 ||| qw: Always use a shield: true
     0 | D:1      | 0 ||| qw: God list: Okawaru
     0 | D:1      | 0 ||| qw: Allow faded altars: false
     0 | D:1      | 0 ||| qw: Do Orc after D:15 true
     0 | D:1      | 0 ||| qw: Do second Lair branch before Depths: true
     0 | D:1      | 0 ||| qw: Lair rune preference: random
     0 | D:1      | 0 ||| qw: Plans: Normal
     0 | D:1      | 0 ||| PLANNING D:1-11
     3 | D:1      | Found Koilua Gyasch's Antique Weapon Boutique.
    20 | D:1      | 20 ||| SHOPLISTING dazzling sling (169 gold, have 0).
    81 | D:1      | Reached XP level 2. HP: 25/25 MP: 1/1
   161 | D:1      | Reached skill level 5 in Ranged Weapons
   268 | D:1      | Reached skill level 3 in Fighting
   334 | D:1      | Reached XP level 3. HP: 31/31 MP: 2/2
   347 | D:1      | You fall into a shaft and drop 1 floor!
   354 | D:2      | 354 ||| UPGRADING to +0 ring mail.
   364 | D:2      | 364 ||| DROPPING +0 leather armour.
   365 | D:2      | 365 ||| READING scroll labelled QYOTATSYAH.
   366 | D:2      | 366 ||| READING scroll labelled ROTRI WUQO.
   367 | D:2      | 367 ||| DROPPING scroll of butterflies.
   742 | D:2      | Reached skill level 1 in Armour
  1707 | D:2      | 1707 ||| UPGRADING to +0 pair of boots.
  1712 | D:2      | 1712 ||| READING scroll labelled HUAWKA QEYNYMU.
  1713 | D:2      | 1713 ||| READING scroll labelled GABUSUXOID.
  1714 | D:2      | 1714 ||| READING scroll labelled ZEORCH MIENT.
  1715 | D:2      | 1715 ||| READING scroll labelled GAMATT CA RUWE.
  1769 | D:2      | 1769 ||| READING scroll labelled VAMAHU UGOLOU.
  1901 | D:3      | 1901 ||| Stepping ~*~*~tactically~*~*~ (outnumbered).
  1903 | D:3      | 1903 ||| Stepping ~*~*~tactically~*~*~ (outnumbered).
  1909 | D:3      | Reached XP level 4. HP: 34/38 MP: 3/3
  1913 | D:3      | Reached skill level 6 in Ranged Weapons
  1913 | D:3      | 1913 ||| FLEEEEING.
  1914 | D:3      | 1914 ||| FLEEEEING.
  1915 | D:3      | 1915 ||| STAIRDANCE
  1946 | D:2      | 1946 ||| READING scroll labelled HUAR PIETUG.
  1947 | D:2      | 1947 ||| READING scroll labelled ADGHOE UBIOG.
  1951 | D:3      | 1951 ||| STAIRDANCE
  2283 | D:3      | 2283 ||| UPGRADING to +0 cloak.
  2288 | D:3      | 2288 ||| DROPPING +6 ring of intelligence.
  2289 | D:3      | 2289 ||| DRINKING 2 fizzy grey potions.
  2318 | D:3      | 2318 ||| DRINKING 2 lumpy purple potions.
  2319 | D:3      | 2319 ||| READING 2 scrolls of identify.
  2319 | D:3      | 2319 ||| IDENTIFYING grey potion
  2320 | D:3      | 2320 ||| DROPPING potion of lignification.
  2321 | D:3      | 2321 ||| DROPPING potion of attraction.
  2339 | D:4      | Noticed a scorpion
  2345 | D:4      | Killed a scorpion
  2346 | D:4      | Reached XP level 5. HP: 46/46 MP: 4/4
  2394 | D:4      | Found Eliqoawk's Antique Weapon Shoppe.
  2436 | D:4      | Noticed an ogre
  2441 | D:4      | HP: 3/46 [ogre/+0 giant club (30)]
  2442 | D:4      | 2442 ||| READING 2 scrolls of teleportation.
  2443 | D:4      | Killed an ogre
  2444 | D:4      | Reached skill level 7 in Ranged Weapons
  2444 | D:4      | Reached XP level 6. HP: 4/52 MP: 5/5
  2446 | D:4      | 2446 ||| READING scroll of teleportation.
  2448 | D:4      | HP: 4/52 [adder (2)]
  2495 | D:4      | 2495 ||| FLEEEEING.
  2496 | D:4      | 2496 ||| FLEEEEING.
  2497 | D:4      | 2497 ||| STAIRDANCE
  2713 | D:4      | Noticed Pargi
  2728 | D:4      | Killed Pargi
  2729 | D:4      | Reached skill level 3 in Armour
  2733 | D:4      | 2733 ||| FLEEEEING.
  2737 | D:4      | 2737 ||| FLEEEEING.
  2740 | D:4      | 2740 ||| FLEEEEING.
  2745 | D:4      | 2745 ||| STAIRDANCE
  2797 | D:4      | 2797 ||| FLEEEEING.
  2798 | D:4      | 2798 ||| FLEEEEING.
  2933 | D:4      | Found a hide-covered altar of Uskayaw.
  3042 | D:4      | 3042 ||| UPGRADING to ring of protection from cold.
  3043 | D:4      | 3043 ||| READING scroll labelled HAREVO LELL.
  3045 | D:4      | 3045 ||| Stepping ~*~*~tactically~*~*~ (cloud).
  3146 | D:5      | Entered Level 5 of the Dungeon
  3150 | D:5      | 3150 ||| STAIRDANCE
  3282 | D:5      | 3282 ||| Stepping ~*~*~tactically~*~*~ (outnumbered).
  3302 | D:5      | 3302 ||| FLEEEEING.
  3303 | D:5      | 3303 ||| FLEEEEING.
  3304 | D:5      | 3304 ||| STAIRDANCE
  3396 | D:5      | 3396 ||| STAIRDANCE
  3491 | D:5      | Reached skill level 8 in Ranged Weapons
  3491 | D:5      | Reached XP level 7. HP: 48/59 MP: 6/6
  3581 | D:5      | Noticed Grinder
  3596 | D:5      | Killed Grinder
  3642 | D:5      | Found Zafarekeho's General Store.
  3664 | D:5      | Noticed Ijyb
  3673 | D:5      | Paralysed by Ijyb for 2 turns
  3678 | D:5      | Killed Ijyb
  3687 | D:5      | Found a staircase to the Ecumenical Temple.
  3688 | D:5      | 3688 ||| PLANNING TEMPLE
  3772 | D:5      | 3772 ||| FLEEEEING.
  3773 | D:5      | 3773 ||| FLEEEEING.
  3774 | D:5      | 3774 ||| FLEEEEING.
  3775 | D:5      | 3775 ||| FLEEEEING.
  3776 | D:5      | 3776 ||| FLEEEEING.
  3782 | D:5      | 3782 ||| FLEEEEING.
  3783 | D:5      | 3783 ||| FLEEEEING.
  3787 | D:5      | 3787 ||| FLEEEEING.
  3788 | D:5      | 3788 ||| FLEEEEING.
  3789 | D:5      | 3789 ||| FLEEEEING.
  3790 | D:5      | 3790 ||| FLEEEEING.
  3791 | D:5      | 3791 ||| FLEEEEING.
  4043 | D:5      | 4043 ||| DRINKING 2 puce potions.
  4056 | Temple   | Entered the Ecumenical Temple
  4056 | Temple   | Found a transporter.
  4056 | Temple   | Found a transporter.
  4058 | Temple   | Found a transporter.
  4058 | Temple   | Found a transporter.
  4068 | Temple   | 4068 ||| PLANNING D:1-11
  4071 | Temple   | 4071 ||| PLANNING OKAWARU WORSHIP
  4076 | Temple   | Became a worshipper of Warmaster Okawaru
  4076 | Temple   | 4076 ||| PLANNING D:1-11
  4135 | D:5      | 4135 ||| FLEEEEING.
  4136 | D:5      | 4136 ||| FLEEEEING.
  4137 | D:5      | 4137 ||| FLEEEEING.
  4149 | D:5      | 4149 ||| FLEEEEING.
  4156 | D:5      | Reached skill level 9 in Ranged Weapons
  4217 | D:5      | Reached skill level 3 in Dodging
  4217 | D:5      | Reached XP level 8. HP: 70/70 MP: 7/7
  4356 | D:5      | Reached skill level 6 in Fighting
  4364 | D:5      | Found a runed translucent door.
  4365 | D:5      | Noticed Crazy Yiuf
  4406 | D:5      | Noticed Edmund
  4420 | D:5      | HP: 15/70 [Edmund/+3 antimagic flail (10)]
  4421 | D:5      | 4421 ||| READING scroll of teleportation.
  4752 | D:5      | Killed Edmund
  4799 | D:5      | Found a blossoming altar of Fedhas.
  4824 | D:5      | Found a runed translucent gate.
  4824 | D:5      | Found a runed translucent gate.
  4824 | D:5      | Found a runed translucent gate.
  4826 | D:5      | Noticed qw's ghost (novice MiHu)
  4826 | D:5      | Noticed qw's ghost (novice GrFi)
  4847 | D:5      | 4847 ||| UPGRADING to +2 ring mail of positive energy.
  4857 | D:5      | 4857 ||| DROPPING +0 ring mail.
  4858 | D:5      | 4858 ||| DROPPING ring of flight.
  4859 | D:5      | 4859 ||| DRINKING 2 glowing red potions.
  4860 | D:5      | 4860 ||| DROPPING potion of degeneration.
  4898 | D:6      | 4898 ||| PLANNING SEWER
  5129 | D:6      | Reached skill level 10 in Ranged Weapons
  5487 | D:6      | Reached * piety under Okawaru
  5613 | D:6      | 5613 ||| INVOKING Heroism.
  5620 | D:6      | Reached skill level 11 in Ranged Weapons
  5660 | D:6      | Reached skill level 1 in Invocations
  5664 | D:6      | 5664 ||| RIP SEWER
  5665 | D:6      | 5665 ||| PLANNING D:1-11
  5677 | D:6      | Found The Oracle's Delphic Readings.
  5681 | D:6      | 5681 ||| BUYING scroll of identify (30 gold).
  5681 | D:6      | Bought a scroll of identify for 30 gold pieces
  5809 | D:6      | Reached XP level 9. HP: 79/79 MP: 8/8
  5887 | D:6      | 5887 ||| DRINKING 2 bubbling purple potions.
  5992 | D:6      | 5992 ||| READING 2 scrolls of identify.
  5992 | D:6      | 5992 ||| IDENTIFYING lumpy yellow potion
  5993 | D:6      | 5993 ||| DROPPING potion of berserk rage.
  6163 | D:7      | 6163 ||| FLEEEEING.
  6164 | D:7      | 6164 ||| FLEEEEING.
  6165 | D:7      | 6165 ||| FLEEEEING.
  6168 | D:7      | 6168 ||| FLEEEEING.
  6303 | D:7      | 6303 ||| INVOKING Heroism.
  6318 | D:7      | 6318 ||| INVOKING Heroism.
  6470 | D:7      | Reached skill level 3 in Invocations
  6931 | D:7      | 6931 ||| FLEEEEING.
  6977 | D:7      | 6977 ||| FLEEEEING.
  7065 | D:7      | 7065 ||| DROPPING amulet of guardian spirit.
  7066 | D:7      | 7066 ||| DRINKING 3 inky potions.
  7108 | D:8      | Noticed Maurice
  7108 | D:8      | Paralysed by Maurice for 5 turns
  7120 | D:8      | Paralysed by something for 3 turns
  7131 | D:8      | Paralysed by something for 5 turns
  7141 | D:8      | Paralysed by something for 2 turns
  7163 | D:8      | 7163 ||| INVOKING Heroism.
  7168 | D:8      | Killed Maurice
  7303 | D:8      | Reached skill level 12 in Ranged Weapons
  7358 | D:8      | 7358 ||| INVOKING Heroism.
  7646 | D:8      | Reached ** piety under Okawaru
  7681 | D:8      | 7681 ||| INVOKING Heroism.
  7687 | D:8      | Noticed Erica
  7688 | D:8      | 7688 ||| Stepping ~*~*~tactically~*~*~ (outnumbered).
  7696 | D:8      | 7696 ||| INVOKING Heroism.
  7711 | D:8      | Killed Erica
  7712 | D:8      | Reached XP level 10. HP: 31/90 MP: 9/12
  7724 | D:8      | 7724 ||| FLEEEEING.
  7725 | D:8      | 7725 ||| FLEEEEING.
  7726 | D:8      | 7726 ||| FLEEEEING.
  7727 | D:8      | 7727 ||| FLEEEEING.
  7728 | D:8      | 7728 ||| FLEEEEING.
  7729 | D:8      | 7729 ||| FLEEEEING.
  7730 | D:8      | 7730 ||| FLEEEEING.
  7731 | D:8      | 7731 ||| STAIRDANCE
  7893 | D:8      | Found a staircase to the Lair.
  7893 | D:8      | Noticed a death yak
  7894 | D:8      | 7894 ||| INVOKING Heroism.
  7895 | D:8      | Noticed a death yak
  7895 | D:8      | Noticed a death yak
  7907 | D:8      | HP: 17/90 [death yak (24)]
  7907 | D:8      | HP: 8/90 [death yak (9)]
  7908 | D:8      | 7908 ||| READING scroll of teleportation.
  7908 | D:8      | Slain by a death yak

Levels and vault maps discovered:
D:1:      ncdulo_lavacross, layout_loops_ring, serial_shops,
          nicolae_shop_advertising_works [nicolae_subvault_shop_adworks]
D:2:      layout_rooms, serial_co_window_serial, co_window_paths_a,
          co_window_paths_a, co_window_paths_a, co_window_paths_b,
          co_window_corner_a, co_window_cross_1, co_window_paths_a,
          co_window_of_opportunity_a, co_window_paths_a, co_window_paths_c,
          co_window_2corner, co_window_paths_c, co_window_of_opportunity_c,
          co_window_paths_c, co_window_of_opportunity_b, co_window_4corner_a,
          co_window_sun, glass_columns_c, glass_columns_c, glass_columns_a
D:3:      layout_rooms, minivault_19
D:4:      layout_rooms, mainiacjoe_overflow_24_doors, serial_shops,
          nicolae_shop_crystal, uniq_pargi
D:5:      layout_basic, kennysheep_mini_moat, temple_pool_b, serial_shops,
          nicolae_lakefront_shop, gammafunk_ghost_cemetery, minmay_crystal_room,
          uniq_grinder, uniq_edmund, uniq_ijyb, uniq_crazy_yiuf_cottage
D:6:      layout_basic, gup_sewer_entry_pipe, nicolae_nh_oracle_at_delphi
D:7:      layout_loops_ring, kennysheep_minor_cross, chequers_mini_garden
D:8:      layout_cave_pods, dpeg_lair_monsters, minmay_shop_enchanted_jewellery,
          nicolae_underground_beach, uniq_joseph, uniq_maurice, uniq_erica,
          uniq_gastronok
Temple:   hellmonk_temple_divided_pantheon

Skill      XL: |  1  2  3  4  5  6  7  8  9 |
---------------+----------------------------+-----
Ranged Weapons | 5 6 7 8 9 11 12 | 12.0
Fighting       | 3 4 5 7 8 |  8.5
Armour         | 1 3 5 |  5.7
Dodging        | 3 5 |  5.2
Invocations    | 1 4 |  4.2
Stealth        | |  0.7

Action                     |  1- 3 |  4- 6 |  7- 9 | 10-12 || total
---------------------------+-------+-------+-------+-------++-------
   Fire: Shortbow          |   128 |   157 |   477 |    15 ||   777
 Invoke: Heroism           |       |       |     7 |     1 ||     8
    Use: Scroll            |     7 |     6 |     2 |     1 ||    16
         Potion            |       |     2 |     4 |       ||     6
 Armour: Leather armour    |    18 |       |       |       ||    18
         Ring mail         |     5 |    34 |    99 |     3 ||   141
  Dodge: Dodged            |    40 |    55 |   161 |     2 ||   258

Table legend:
 A = Non-vault XP
 B = Vault XP
 C = Vault XP percentage of total XP
 D = Non-vault monster count
 E = Vault monster count
 F = Vault count percentage of total count
                 A         B        C        D         E       F
            +---------+---------+-------+---------+---------+-------
      Total |    3842 |    2171 |  36.1 |     143 |      18 |  11.2
            +---------+---------+-------+---------+---------+-------
        D:1 |      45 |       0 |   0.0 |      29 |       0 |   0.0
        D:2 |      61 |       0 |   0.0 |      15 |       0 |   0.0
        D:3 |      60 |       0 |   0.0 |      13 |       0 |   0.0
        D:4 |     373 |     134 |  26.4 |      20 |       1 |   4.8
        D:5 |     521 |     472 |  47.5 |      21 |       3 |  12.5
        D:6 |     934 |     199 |  17.6 |      18 |      10 |  35.7
        D:7 |     796 |       0 |   0.0 |      14 |       0 |   0.0
        D:8 |    1052 |    1366 |  56.5 |      13 |       4 |  23.5
            +---------+---------+-------+---------+---------+-------
